Map: Lockdown LE

Players

NAKKIMEHU

  • Race: Zerg Zerg
  • League: Platinum

BossTweed - Winner!

  • Race: Terran Terran
  • League: Platinum

VOD

Have the link to the VOD?

Description

Time

  • Played on: July 29, 2026, 5:17 a.m.
  • Length: 22:38
Show
View Real Time Build Order
Export as new Build Order

NAKKIMEHU Zerg 

Build Orders: Hatch First 

Get SALT Encoding   

  8  0:04  Drone  
  10  0:14  Drone  
  10  0:18  Drone  
  11  0:22  Drone  
  12  0:33  Extractor  
  12  0:34  Drone  
  13  0:42  Overlord  
  13  1:03  Drone  
  13  1:04  Drone  
  15  1:09  Drone  
  16  1:15  Drone  
  17  1:23  Hatchery  
  17  1:24  Drone  
  17  1:39  Spawning Pool  
  16  1:43  Drone  
  16  1:44  Extractor  
  17  1:47  Drone  
  17  1:54  Drone  
  18  2:09  Drone  
  18  2:14  Overlord  
  19  2:28  Zergling x2  
  20  2:32  Queen  
  20  2:35  Queen  
  20  2:36  Drone x2  
  26  2:49  Drone x2  
  28  2:53  Metabolic Boost  
  28  2:58  Drone x2  
  29  3:04  Drone  
  31  3:06  Drone  
  32  3:20  Overlord x2  
  31  3:35  Drone  
  31  3:37  Queen  
  34  3:44  Drone x8  
  42  3:57  Hatchery  
  42  4:01  Extractor x2  
  39  4:06  Drone x2  
  39  4:08  Baneling Nest  
  40  4:12  Queen  
  40  4:16  Zergling x2  
  40  4:17  Zergling x10  
  48  4:52  Overlord x2  
  48  5:07  Baneling x7  
  48  5:08  Baneling, Queen x2  
  52  5:17  Drone x7  
  59  5:22  Drone x3  
  59  5:23  Drone x6  
  59  5:24  Overlord  
  68  5:42  Queen  
  68  5:46  Drone x6  
  76  5:54  Lair  
  76  5:57  Overlord x2  
  76  5:58  Hatchery  
  75  6:06  Evolution Chamber  
  74  6:12  Drone  
  74  6:13  Drone  
  76  6:22  Drone x7  
  76  6:23  Drone x2  
  85  6:26  Extractor x2  
  83  6:33  Drone x3  
  83  6:34  Zergling x8  
  90  6:46  Zergling x4  
  92  6:49  Overlord  
  92  6:50  Overlord  
  92  7:08  Zergling x16  
  97  7:10  Centrifugal Hooks  
  97  7:11  Zergling x8  
  97  7:12  Baneling  
  97  7:13  Baneling x6  
  97  7:14  Zergling x2  
  104  7:17  Zerg Melee Weapons Level 1  
  104  7:21  Evolution Chamber  
  103  7:25  Queen  
  103  7:26  Drone  
  103  7:27  Drone  
  103  7:28  Zergling x8, Overlord  
  103  7:29  Overlord  
  111  7:36  Infestation Pit  
  110  7:37  Drone  
  110  7:38  Extractor  
  110  7:42  Overseer  
  110  7:44  Overseer  
  110  7:48  Zerg Ground Armor Level 1  
  110  7:52  Zergling x2  
  110  7:53  Zergling x26  
  87  9:35  Spire, Spore Crawler  
  87  9:37  Spore Crawler x2  
  87  9:38  Spore Crawler  
  82  9:41  Spore Crawler x3  
  82  9:42  Spore Crawler x2  
  82  9:43  Spire  
  82  9:45  Spore Crawler  
  75  9:46  Spore Crawler  
  75  9:47  Spore Crawler  
  75  9:48  Spore Crawler, Zergling x16  
  75  9:49  Infestor x6, Spore Crawler x3  
  75  9:51  Zergling x12  
  94  10:13  Drone x4  
  98  10:14  Drone x2  
  98  10:15  Drone x3  
  98  10:16  Drone x5  
  98  10:19  Baneling x7  
  98  10:20  Baneling x5  
  108  10:25  Overlord  
  108  10:29  Neural Parasite  
  108  10:33  Zergling x2  
  108  10:34  Zergling x12  
  115  10:38  Burrow  
  115  10:45  Zergling x8  
  115  10:46  Zergling x12  
  115  10:49  Zerg Flyer Weapons Level 1  
  125  10:50  Zerg Flyer Armor Level 1  
  125  10:51  Corruptor x2  
  129  10:58  Corruptor x3  
  129  11:00  Overlord x3  
  129  11:03  Extractor  
  133  11:34  Hatchery  
  132  11:46  Hatchery  
  131  12:04  Zergling x16  
  131  12:05  Zergling x42  
  160  12:10  Overlord x3  
  160  12:17  Zerg Melee Weapons Level 2, Zerg Ground Armor Level 2  
  160  12:56  Zerg Flyer Weapons Level 2  
  160  12:57  Zerg Flyer Armor Level 2  
  151  13:09  Hive  
  133  13:25  Zergling x26, Corruptor  
  133  13:26  Corruptor  
  133  13:27  Corruptor x8  
  157  13:38  Drone x6  
  157  13:39  Drone x2  
  157  13:40  Drone  
  166  13:44  Spore Crawler  
  166  13:45  Spore Crawler  
  166  13:47  Spore Crawler  
  163  13:54  Queen  
  163  13:55  Drone x2  
  167  14:10  Queen  
  142  15:01  Zergling x14  
  142  15:02  Zergling x18  
  153  15:09  Infestor x3  
  153  15:11  Zergling x2  
  153  15:12  Zergling x14  
  167  15:14  Zerg Melee Weapons Level 3, Zerg Ground Armor Level 3  
  167  15:15  Zerg Flyer Weapons Level 3  
  167  15:17  Zerg Flyer Armor Level 3  
  167  15:20  Drone x4  
  171  15:37  Zergling x18  
  171  15:38  Overlord  
  171  15:39  Overlord x2  
  180  15:44  Baneling x14  
  180  15:45  Baneling x6  
  157  16:50  Corruptor  
  157  16:51  Corruptor x18  
  119  17:32  Zergling x12  
  119  17:33  Zergling x18  
  109  17:53  Corruptor x6  
  115  18:16  Hatchery  
  114  18:24  Hatchery  
  113  18:43  Corruptor x2  
  113  18:47  Extractor  
  116  18:53  Extractor  
  116  18:54  Extractor  
  114  18:59  Zergling x2  
  114  19:00  Zergling x24  
  105  19:19  Zergling x8  
  105  19:24  Corruptor x2  
  109  19:27  Drone x3  
  109  19:28  Drone x3  
  109  19:29  Drone x3  
  122  19:46  Baneling x6  
  122  20:09  Corruptor x2  
  126  20:27  Corruptor x2  
  130  20:43  Viper  
  133  20:57  Hatchery  
  120  21:25  Hatchery  
  97  21:33  Corruptor x5  
  87  22:02  Corruptor  
  87  22:03  Corruptor x2  
  87  22:06  Zergling x10  
  87  22:07  Zergling x44  
Show
View Real Time Build Order
Export as new Build Order

BossTweed Terran - Winner!

Build Orders:  

Get SALT Encoding   

  8  0:01  SCV  
  9  0:13  SCV  
  10  0:26  SCV  
  11  0:34  Supply Depot  
  11  0:38  SCV  
  12  0:50  SCV  
  13  1:02  SCV  
  14  1:14  Command Center  
  14  1:17  SCV  
  15  1:29  SCV  
  16  1:34  Barracks  
  16  1:41  SCV  
  17  1:53  SCV  
  18  2:05  Refinery, SCV  
  19  2:08  Refinery  
  19  2:22  Orbital Command  
  19  2:24  Marine  
  19  2:26  Orbital Command  
  20  2:42  Marine  
  20  2:43  Supply Depot  
  21  2:49  SCV  
  22  2:52  SCV  
  23  2:59  Factory  
  23  3:02  SCV  
  23  3:04  SCV  
  25  3:14  SCV, Marine  
  25  3:16  SCV  
  28  3:26  SCV  
  29  3:28  SCV  
  29  3:32  Marine  
  31  3:38  SCV  
  31  3:40  SCV  
  33  3:42  Command Center  
  33  3:44  Factory Tech Lab  
  33  3:50  SCV  
  33  3:52  SCV  
  33  3:54  Starport  
  35  3:58  Marine  
  35  4:02  SCV  
  37  4:03  Engineering Bay  
  37  4:05  SCV  
  41  4:10  Siege Tank  
  41  4:14  SCV  
  41  4:16  Refinery  
  42  4:18  Refinery  
  42  4:27  Armory  
  42  4:29  Supply Depot  
  42  4:36  Fusion Core  
  42  4:37  Starport Tech Lab  
  42  4:43  Starport  
  42  4:51  SCV x2  
  44  5:03  SCV x2  
  46  5:08  Siege Tank  
  46  5:13  Planetary Fortress  
  49  5:15  SCV x2  
  49  5:16  Missile Turret  
  51  5:25  Starport Tech Lab  
  51  5:27  SCV x2  
  53  5:39  SCV x2  
  53  5:40  Refinery  
  55  5:43  Supply Depot, Refinery  
  55  5:46  Supply Depot  
  55  5:51  SCV x2  
  55  5:52  Thor  
  63  6:05  SCV x3, Supply Depot  
  66  6:17  SCV x3  
  69  6:25  Supply Depot  
  69  6:29  SCV x3  
  72  6:34  Armory  
  72  6:35  Supply Depot  
  72  6:36  Terran Ship Weapons Level 1  
  72  6:38  Supply Depot  
  72  6:44  Battlecruiser  
  72  6:46  Battlecruiser  
  84  6:47  SCV  
  84  6:48  SCV  
  84  6:49  SCV, Supply Depot  
  87  6:59  SCV, Supply Depot  
  87  7:00  SCV  
  87  7:01  SCV  
  90  7:09  Supply Depot  
  90  7:11  SCV  
  90  7:12  SCV  
  90  7:13  SCV  
  93  7:16  Supply Depot  
  93  7:22  Command Center  
  93  7:23  Supply Depot, SCV  
  93  7:24  SCV  
  93  7:25  SCV  
  93  7:26  Terran Vehicle Weapons Level 1  
  93  7:29  Supply Depot  
  96  7:38  Starport  
  96  7:40  Starport  
  96  7:42  Starport  
  96  7:43  SCV  
  96  7:44  SCV x2  
  99  7:59  Refinery x2  
  99  8:19  Battlecruiser  
  105  8:21  Battlecruiser  
  105  8:23  Starport Tech Lab  
  105  8:24  Starport Tech Lab x2  
  111  8:33  Starport  
  111  8:41  Starport Reactor  
  111  8:45  Starport, SCV  
  111  8:46  SCV x2  
  114  8:56  Supply Depot  
  114  8:58  SCV x2, Starport  
  114  8:59  Starport  
  81  9:44  Command Center  
  81  9:48  Starport Reactor x3  
  81  9:53  Battlecruiser  
  81  9:54  Battlecruiser x2  
  81  9:56  Battlecruiser  
  105  10:05  Starport Reactor  
  105  10:17  Planetary Fortress  
  105  10:19  SCV  
  105  10:20  SCV  
  107  10:26  Viking x2  
  107  10:27  Viking  
  113  10:31  SCV  
  113  10:32  SCV  
  115  10:38  Command Center  
  115  10:43  SCV  
  115  10:44  SCV  
  117  10:52  Refinery  
  117  10:55  Refinery, SCV, Viking  
  117  10:56  SCV, Viking x3  
  127  11:07  SCV  
  127  11:08  SCV x2  
  130  11:20  SCV x3  
  133  11:28  Missile Turret  
  133  11:29  Missile Turret  
  133  11:30  Missile Turret  
  133  11:31  Viking x4  
  133  11:32  Missile Turret, SCV x3  
  144  11:33  Missile Turret  
  144  11:40  Terran Vehicle And Ship Armor Level 1  
  144  11:42  Terran Ship Weapons Level 2  
  144  11:44  SCV x3  
  147  11:49  Planetary Fortress  
  147  11:56  SCV x3  
  150  12:08  SCV x3  
  151  12:09  Viking  
  151  12:13  Supply Depot  
  155  12:20  SCV x2  
  155  12:21  SCV  
  158  12:24  Smart Servos  
  158  12:30  Starport x2  
  158  12:34  SCV  
  159  12:51  Starport  
  159  12:52  Starport  
  159  12:55  Starport  
  159  12:58  Starport  
  134  13:29  Missile Turret  
  134  13:36  Battlecruiser x4  
  134  13:37  Starport Tech Lab  
  134  13:38  Starport Tech Lab x2  
  158  13:46  Refinery  
  158  13:50  Refinery  
  158  13:52  Planetary Fortress  
  158  13:57  Missile Turret x2, SCV x4  
  162  14:09  SCV x4, Starport Tech Lab  
  166  14:11  Terran Vehicle And Ship Armor Level 2  
  166  14:16  Starport Tech Lab  
  166  14:17  Terran Ship Weapons Level 3  
  166  14:21  SCV x2  
  168  14:31  SCV x2  
  169  14:32  SCV  
  169  14:33  SCV  
  169  14:34  SCV  
  173  14:43  SCV  
  173  14:44  SCV  
  173  14:45  Command Center, SCV  
  176  14:46  SCV  
  163  14:55  SCV  
  159  15:25  Battlecruiser x2  
  159  15:26  Battlecruiser  
  159  15:27  Command Center  
  159  15:28  Viking x3  
  181  15:30  Command Center  
  183  15:36  Starport Tech Lab  
  183  15:50  SCV x3  
  183  15:51  SCV  
  187  16:01  Viking x3  
  187  16:02  Viking, SCV x2  
  187  16:03  SCV x2  
  199  16:06  Planetary Fortress  
  199  16:14  SCV  
  200  16:22  Command Center  
  200  16:24  Command Center  
  190  16:47  Weapon Refit  
  178  17:19  Orbital Command  
  151  17:47  Viking  
  151  17:48  Viking x14  
  163  17:55  Viking  
  163  18:02  Missile Turret  
  163  18:03  Missile Turret x3  
  163  18:06  Refinery  
  163  18:07  Refinery, Missile Turret, Orbital Command  
  163  18:21  Refinery  
  163  18:27  Viking  
  165  18:39  Planetary Fortress  
  165  18:45  Orbital Command  
  165  18:50  SCV x5  
  170  19:02  SCV x5  
  169  19:14  SCV x4  
  169  19:15  SCV  
  174  19:31  SCV  
  174  19:32  SCV x5  
  180  19:43  SCV  
  180  19:44  SCV x5  
  186  19:56  SCV x6  
  191  20:08  SCV x6  
  197  20:27  Raven  
  199  20:34  SCV  
  200  20:35  Orbital Command  
  200  20:36  Refinery  
  200  20:37  Refinery  
  200  20:40  Command Center  
  200  20:42  Command Center x2  
  200  20:44  Missile Turret  
  200  20:45  Missile Turret  
  200  20:46  Missile Turret x2  
  183  21:47  Viking  
  183  21:48  Viking x6  
  192  22:02  Viking  
Tags
 
Add a new tag
Caveats
  • Supply blocks, unpowered buildings, or Contaminate may cause inaccurate times.
  • Supply counts are checked every 10 seconds.